 Dungeon Crawl Stone Soup version 0.30-a0-341-g682706514a (webtiles) character file.

Game seed: 2986543139392018074

54172 porpoise the Fighter (level 15, -5/117 HPs)
             Began as a Djinni Fire Elementalist on Nov 2, 2022.
             Was a High Priest of Makhleb.
             Killed by the air
             ... invoked by gabagool's ghost
              (15 damage)
             ... on level 5 of the Lair of Beasts on Nov 3, 2022.
             The game lasted 01:58:45 (23029 turns).

porpoise the Fighter (Djinni Fire Elementalist)    Turns: 23029, Time: 01:58:46

Health: -5/117     AC:  9    Str:  7    XL:     15   Next: 13%
Gold:   845        EV: 22    Int: 28    God:    Makhleb [*****.] SH: 14 Dex: 25

rFire   + + +      SeeInvis .    a - +6 war axe "Wiphuif" {drain, *Slow Fly rC+ rN+}
rCold   . . .      Faith    .    d - +2 buckler of the Ecumenical Temple {rElec rN+ Dex+7}
rNeg    + + .      Spirit   .    E - +2 robe {rF+}
rPois   ∞          Reflect  +    (no helmet)
rElec   +          Harm     .    y - +1 cloak
rCorr   +          Rampage  .    P - +2 pair of gloves
Will    +....                    (boots unavailable)
Stlth   ++........               I - amulet of reflection
HPRegen 0.39/turn                A - ring of Beduykie {Wiz rF+ Int+8 Stlth-}
MPRegen 0.00/turn                x - ring of resist corrosion

@: flying
A: sickness immunity, fire resistance 2, cold vulnerability 1, float, innate
caster, HP casting, extra vitality 1
a: Renounce Religion, Minor Destruction, Lesser Servant of Makhleb, Major
Destruction, Greater Servant of Makhleb


You were on level 5 of the Lair of Beasts.
You worshipped Makhleb.
Makhleb was extremely pleased with you.
You visited 3 branches of the dungeon, and saw 17 of its levels.
You also visited: Gauntlet.

You collected 998 gold pieces.
You spent 153 gold pieces at shops.

Inventory:

Hand Weapons
 a - the +6 war axe "Wiphuif" (weapon) {drain, *Slow Fly rC+ rN+}
   (You found it on level 2 of the Dungeon)

   A truly terrible weapon, it drains the life of any living foe it strikes.
   rC:        It protects you from cold.
   rN:        It protects you from negative energy.
   Fly:       It grants you flight.
   *Slow:     It may slow you when you take damage.
Missiles
 l - 4 javelins
 N - 11 curare-tipped darts (quivered)
 O - 5 silver javelins
Armour
 d - the +2 buckler of the Ecumenical Temple (worn) {rElec rN+ Dex+7}
   (You acquired it on level 8 of the Dungeon)

   Dex:       It affects your dexterity (+7).
   rElec:     It insulates you from electricity.
   rN:        It protects you from negative energy.
 y - a +1 cloak (worn)
 E - a +2 robe of fire resistance (worn)
 G - a scarf of repulsion
 K - the +0 cloak "Bisofuf" {Contam +Blink Int-3 Slay+6}
   (You found it on level 4 of the Lair of Beasts)

   Int:       It affects your intelligence (-3).
   Slay:      It affects your accuracy & damage with ranged weapons and melee
   (+6).
   +Blink:    It lets you blink.
   Contam:    It causes magical contamination when unequipped.
 P - a +2 pair of gloves (worn)
 R - a +2 leather armour of positive energy
Magical Staves
 u - a staff of earth
Jewellery
 f - a ring of protection from cold
 j - a +6 ring of intelligence
 k - a ring of positive energy
 x - a ring of resist corrosion (right hand)
 A - the ring of Beduykie (left hand) {Wiz rF+ Int+8 Stlth-}
   (You acquired it on level 3 of the Lair of Beasts)

   [ring of wizardry]

   It improves your spell success rate.
   Int:       It affects your intelligence (+8).
   rF:        It protects you from fire.
   Stlth:     It makes you less stealthy.
 I - an amulet of reflection (around neck)
 S - a ring of ice
Wands
 c - a wand of polymorph (20)
 z - a wand of charming (38)
 B - a wand of quicksilver (8)
 H - a wand of mindburst (16)
 L - a wand of iceblast (15)
 Q - a wand of digging (2)
 V - a wand of flame (14)
Scrolls
 g - 2 scrolls of silence
 h - 7 scrolls of vulnerability
 i - 2 scrolls of noise
 o - 2 scrolls of enchant weapon
 p - 2 scrolls of fog
 r - a scroll of torment
 s - a scroll of fear
 t - a scroll of poison
 w - a scroll of identify
 M - a scroll of enchant armour
 T - 3 scrolls of immolation
 U - a scroll of teleportation
Potions
 b - a potion of brilliance
 e - 4 potions of attraction
 m - 4 potions of heal wounds
 n - a potion of invisibility
 q - 4 potions of might
 v - 2 potions of berserk rage
 C - 3 potions of cancellation
 D - 3 potions of lignification
 F - 5 potions of curing
 J - 3 potions of haste


   Skills:
 - Level 14.0 Fighting
 + Level 11.4 Dodging
 - Level 5.0 Stealth
 - Level 7.0 Shields
 + Level 9.5 Spellcasting
 + Level 11.1 Invocations
 - Level 5.0 Evocations


You couldn't memorise any spells.
You knew the following spells:

 Your Spells              Type           Power      Damage    Failure   Level
a - Foxfire               Conj/Fire      100%       2x1d9     1%          1
b - Scorch                Fire           100%       2d10      1%          2
c - Kindle Blastsparks    Fire/Tloc/Air  100%       2d18      1%          3
d - Sticky Flame          Conj/Fire      61%        2d8       1%          4
e - Flame Wave            Conj/Fire      61%        2d14      1%          4
f - Summon Forest         Summ/Tloc      30%        N/A       1%          5
g - Portal Projectile     Hex/Tloc       100%       N/A       1%          3
i - Inner Flame           Hex/Fire       61%        N/A       1%          3
l - Leda's Liquefaction   Hex/Erth       30%        N/A       1%          4
s - Sandblast             Erth           100%       2d20      1%          1
u - Simulacrum            Ice/Necr       30%        N/A       6%          6
v - Poisonous Vapours     Pois/Air       100%       N/A       1%          2
Your spell library was empty.

Dungeon Overview and Level Annotations

Branches:
Dungeon (11/15)            Temple (1/1) D:7            Lair (5/5) D:10
 Shoals (0/4) Lair:2        Snake (0/4) Lair:3        Slime (0/5) Lair:5
Gauntlet (visited)
    Orc: D:9-12

Altars:
Ashenzari
Cheibriados
Dithmenos
Elyvilon
Fedhas
Gozag
Hepliaklqana
Makhleb
Nemelex Xobeh
Okawaru
Qazlal
Ru
Trog
Uskayaw
Wu Jian
Xom
Yredelemnul
Zin
The Shining One
Jiyva

Shops:
D:4 *:

Annotations:
Lair:5 1 transporter, exclusion: obsidian statue, gabagool's ghost, journeyman GnFi


Innate Abilities, Weirdness & Mutations

You are immune to sickness and miasma.
You are immune to poison.
Your flesh is very heat resistant. (rF++)
You are vulnerable to cold. (rC-)
You float through the air rather than walking.
You learn spells naturally, not from books.
Your magical power is your life essence.
You have superior vitality. (+4 MHP)


Message History

The blast of sand misses the hornet.
You block the hornet's attack. Gabagool's ghost hits you!
The hornet stings you but does no damage.
Gabagool's ghost points next to you and mumbles some strange words.
The wall shatters!
The blast of rock fragments hits you!!
* * * LOW HITPOINT WARNING * * *
The hornet completely misses you.
Casting: Sandblast (safe; 1% risk of failure)
Confirm with . or Enter, or press ? or * to list all spells.
Casting: Flame Wave (safe; 1% risk of failure)
Press: ? - help, Dir - look around, f - activate A wave of flame ripples out!
The flame wave engulfs the hornet!
You kill the hornet!
Makhleb accepts your kill.
You feel better.
The flame wave engulfs gabagool's ghost but does no damage.
Gabagool's ghost is severely damaged. (Press . to intensify the flame waves.)
* * * LOW HITPOINT WARNING * * *
You block gabagool's ghost's attack.
Casting: Flame Wave (safe; 1% risk of failure)
Confirm with . or Enter, or press ? or * to list all spells.
Aiming: Sandblast (safe; 1% risk of failure)
Press: ? - help, Shift-Dir - straight line, f - gabagool's ghost
Aim: gabagool's ghost, wielding a weapon of electrocution (severely damaged, covering ground quickly, 78% to hit)
The blast of sand hits gabagool's ghost but does no damage.
Gabagool's ghost is severely damaged.
* * * LOW HITPOINT WARNING * * *
Gabagool's ghost misses you.
Casting: Sandblast (safe; 1% risk of failure)
Confirm with . or Enter, or press ? or * to list all spells.
Aiming: Sandblast (safe; 1% risk of failure)
Press: ? - help, Shift-Dir - straight line, f/p - gabagool's ghost
Aim: gabagool's ghost, wielding a weapon of electrocution (severely damaged, covering ground quickly, 78% to hit)
The blast of sand hits gabagool's ghost but does no damage.
Gabagool's ghost is severely damaged.
* * * LOW HITPOINT WARNING * * *
Gabagool's ghost waves its arms in wide circles.
The air twists around and strikes you!
You die...

#.#...#..###.###..##
........#########..###### #####
.......###.###.###..##..# ###♣P
.....#.##...#...##.###.♣# #:+8.
##.....##y#.#.#.##..##.########♣.
#....p.##y.y#...##..#..##8.8# ♣
.......#y#.#.#)#.#..#..##...# ♣
.......#).# .#).#.##..##.).# #
......©#y.# #.#.@#©....##...# #
.......#!.# ..#†W#.....♣#...#####
...###.#[#.#.#†#.#...#.♣#...').8#
.#.###.##...#...##......######.)'
...#...####.#.#.##...##.♣# #....'
...##..##.y.#...##...##..♣ #.####
...###.###.###.###..####.♣##.#..'
...# #.[#########....##..♣#..#..'
...# ##..###.###....###..##.##..#


You could see gabagool's ghost (swift).

Vanquished Creatures
  Kirke (Lair:4)
  2 dire elephants (Lair:5)
  A minotaur (Gauntlet)
  3 hydras
  2 catoblepae
  A boulder beetle (Lair:5)
  2 spectral death yaks (Lair:5)
  A sixfirhy (Gauntlet)
  A spectral anaconda (Lair:5)
  3 necromancers (Lair:5)
  5 oklob plants
  24 elephants
  A cyclops (D:9)
  The ghost of Grognak the Cudgeller, a novice MiFi (D:6)
  2 ice statues (Gauntlet)
  7 cane toads
  4 black mambas
  5 komodo dragons
  A kobold demonologist (D:6)
  7 rime drakes
  A queen bee (Lair:5)
  2 meliai (Lair:5)
  2 hornets (Lair:5)
  3 trolls
  3 polar bears
  30 blink frogs
  3 spectral elephants (Lair:5)
  30 yaks
  5 basilisks
  A hog (Lair:4)
  6 wyverns
  A steam dragon (D:9)
  2 death yak simulacra (Lair:5)
  2 nagas (Lair:3)
  An acid dragon (D:8)
  A spectral cane toad (Lair:5)
  16 water moccasins
  A floating eye (Lair:4)
  An orc warrior (D:7)
  2 ice beasts (D:7)
  2 black bears
  3 ogres
  20 wolves
  2 centaurs (D:9)
  An elephant skeleton (Lair:5)
  11 kobold brigands
  4 small abominations (Gauntlet)
  Blork the orc (D:5)
  A gnoll sergeant (D:8)
  2 necrophages
  10 bullfrogs
  2 scorpions
  4 wights (D:6)
  An elephant simulacrum (Lair:5)
  12 killer bees
  4 howler monkeys
  Crazy Yiuf (D:4)
  3 hounds
  A gnoll bouda (D:7)
  An orc priest (D:7)
  7 iguanas
  Terence (D:2)
  Natasha (thrice) (D:2)
  7 adders
  10 gnolls
  2 white imps
  4 ufetubi
  2 worms
  3 dart slugs
  13 orcs
  3 ball pythons
  10 endoplasms
  4 giant cockroaches
  12 goblins
  5 hobgoblins
  11 jackals
  2 quokkas
  10 bats
  4 frilled lizards (D:1)
  12 kobolds
  5 rats
  A bush (Lair:4)
404 creatures vanquished.

Vanquished Creatures (collateral kills)
  3 elephants (Lair:5)
  A komodo dragon (Lair:5)
  3 blink frogs (Lair:5)
  A basilisk (Lair:5)
  6 yaks (Lair:5)
  A water moccasin (Lair:5)
  2 foxfires (Lair:4)
17 creatures vanquished.

Vanquished Creatures (others)
  A blink frog (Lair:4)
  3 humans (Lair:5)
  An elephant skeleton (Lair:5)
  A bush (Lair:5)
  251 foxfires
  47 fungi
  76 plants
  A snaplasher vine (Lair:5)
  28 withered plants (Lair:5)
409 creatures vanquished.

Grand Total: 830 creatures vanquished

Notes
Turn   | Place    | Note
-------+----------+-------------------------------------------
     0 | D:1      | porpoise the Djinni Fire Elementalist began the quest for
                  | the Orb.
     0 | D:1      | porpoise set off with the following spells memorised:
                  | Foxfire, Scorch, Kindle Blastsparks, Inner Flame, Flame
                  | Wave.
     0 | D:1      | Reached XP level 1. HP: 15/15 MP: 0/0
   190 | D:1      | Reached skill level 1 in Fighting
   190 | D:1      | Reached XP level 2. HP: 10/22 MP: 0/0
   378 | D:1      | Reached XP level 3. HP: 5/27 MP: 0/0
   378 | D:1      | Learned a level 1 spell: Sandblast
   879 | D:2      | Identified the +6 war axe "Wiphuif" {drain, *Slow Fly rC+
                  | rN+}
  1274 | D:2      | Reached skill level 2 in Fighting
  1338 | D:2      | Reached XP level 4. HP: 32/33 MP: 0/0
  1443 | D:2      | Noticed Natasha
  1447 | D:2      | Killed Natasha
  1667 | D:2      | Noticed Terence
  1673 | D:2      | Killed Terence
  1674 | D:2      | Reached skill level 3 in Fighting
  1674 | D:2      | Reached XP level 5. HP: 34/40 MP: 0/0
  1674 | D:2      | Learned a level 2 spell: Poisonous Vapours
  1725 | D:2      | Noticed Natasha
  1729 | D:2      | Killed Natasha
  2227 | D:2      | Noticed Natasha
  2232 | D:2      | Killed Natasha
  2460 | D:3      | Found a glowing silver altar of Zin.
  2498 | D:3      | Reached XP level 6. HP: 45/46 MP: 0/0
  2506 | D:3      | Found a basalt altar of Yredelemnul.
  3447 | D:4      | Found a snail-covered altar of Cheibriados.
  3475 | D:4      | Reached skill level 4 in Fighting
  3493 | D:4      | Found a bloodstained altar of Trog.
  3645 | D:4      | Identified the +0 robe of an ice cave {rPois Str-3 Dex+8}
  3739 | D:4      | Found Sexaanol's Vocational Training.
  3818 | D:4      | Found a runed translucent door.
  3819 | D:4      | Noticed Crazy Yiuf
  3826 | D:4      | Killed Crazy Yiuf
  3981 | D:4      | Reached XP level 7. HP: 51/53 MP: 0/0
  3981 | D:4      | Learned a level 3 spell: Portal Projectile
  4073 | D:4      | Found Gotul's Assorted Antiques.
  4166 | D:4      | Bought a grey potion for 23 gold pieces
  4166 | D:4      | Bought a glowing copper wand for 104 gold pieces
  4166 | D:4      | Bought a scroll labelled BIEK XAESU for 26 gold pieces
  4312 | D:5      | Entered Level 5 of the Dungeon
  4468 | D:5      | Noticed a +0 falchion
  4468 | D:5      | Noticed a +0 short sword
  4468 | D:5      | Noticed a +0 falchion
  4470 | D:5      | Noticed a +0 spear
  4473 | D:5      | Noticed a +0 dagger
  4473 | D:5      | Noticed a +0 spear
  4473 | D:5      | Noticed a +0 short sword
  4474 | D:5      | Noticed a +0 dagger
  4476 | D:5      | Found a hide-covered altar of Uskayaw.
  4632 | D:5      | Noticed Blork the orc
  4650 | D:5      | Killed Blork the orc
  4651 | D:5      | Reached skill level 5 in Fighting
  5001 | D:5      | Found a shadowy altar of Dithmenos.
  5266 | D:5      | Reached skill level 5 in Spellcasting
  5266 | D:5      | Reached XP level 8. HP: 42/61 MP: 0/0
  5270 | D:5      | Reached skill level 6 in Fighting
  5885 | D:6      | Found a runed translucent gate.
  5886 | D:6      | Found a runed translucent gate.
  5887 | D:6      | Found a runed translucent gate.
  5887 | D:6      | Noticed Grognak's ghost (novice MiFi)
  5888 | D:6      | Noticed a kobold demonologist
  6051 | D:6      | Reached skill level 7 in Fighting
  6196 | D:6      | Found a burning altar of Makhleb.
  6199 | D:6      | Found a broken altar of Ashenzari.
  6206 | D:6      | Became a worshipper of Makhleb the Destroyer
  6326 | D:6      | Reached XP level 9. HP: 41/68 MP: 0/0
  6326 | D:6      | Learned a level 4 spell: Sticky Flame
  6634 | D:7      | Found a staircase to the Ecumenical Temple.
  6764 | Temple   | Entered the Ecumenical Temple
  7317 | D:7      | Reached skill level 8 in Fighting
  7383 | D:7      | Found an opulent altar of Gozag.
  7728 | D:7      | Reached skill level 1 in Invocations
  8079 | D:8      | Reached * piety under Makhleb
  8101 | D:8      | Identified a scroll of acquirement
  8101 | D:8      | Acquired the +2 buckler of the Ecumenical Temple {rElec rN+
                  | Dex+7}
  8237 | D:8      | Reached skill level 9 in Fighting
  8240 | D:8      | Reached skill level 1 in Shields
  8311 | D:8      | Reached XP level 10. HP: 59/78 MP: 0/0
  9004 | D:9      | Reached skill level 5 in Invocations
  9171 | D:9      | Noticed a cyclops
  9174 | D:9      | Reached skill level 5 in Shields
  9174 | D:9      | Reached skill level 1 in Evocations
  9183 | D:9      | Killed a cyclops
  9648 | D:10     | Entered Level 10 of the Dungeon
  9766 | D:10     | Identified the +5 shortbow "Zextammo" {antimagic, Dex+4}
  9886 | D:10     | Reached XP level 11. HP: 77/84 MP: 0/0
  9886 | D:10     | Learned a level 4 spell: Leda's Liquefaction
 10132 | D:10     | Found a staircase to the Lair.
 10382 | D:10     | Reached skill level 5 in Dodging
 10383 | D:10     | Reached ** piety under Makhleb
 10738 | Lair:1   | Entered Level 1 of the Lair of Beasts
 10771 | Lair:1   | Reached skill level 10 in Fighting
 11306 | Lair:1   | Reached skill level 5 in Evocations
 11306 | Lair:1   | Noticed an elephant
 11308 | Lair:1   | Noticed an elephant
 11310 | Lair:1   | Noticed an elephant
 11715 | D:10     | Killed an elephant
 11717 | D:10     | Killed an elephant
 11943 | D:11     | Noticed a manticore
 12047 | Lair:1   | Killed an elephant
 12550 | D:6      | Killed Grognak's ghost
 12554 | D:6      | Reached skill level 11 in Fighting
 12640 | D:6      | Identified the +0 leather armour "Azeojiec" {+Inv Fly rElec
                  | rF-}
 13520 | Lair:2   | Found a gate leading to a gauntlet.
 13535 | Gauntlet | Entered a Gauntlet
 13535 | Gauntlet | Found a large runed translucent door.
 13535 | Gauntlet | Found a large runed translucent door.
 13535 | Gauntlet | Found a large runed translucent door.
 13535 | Gauntlet | Found a large runed translucent door.
 13535 | Gauntlet | Found a runed translucent door.
 13535 | Gauntlet | Found a large runed translucent door.
 13535 | Gauntlet | Found a large runed translucent door.
 13535 | Gauntlet | Found a transporter.
 13535 | Gauntlet | Found a transporter.
 13535 | Gauntlet | Found a large runed translucent door.
 13535 | Gauntlet | Found a large runed translucent door.
 13535 | Gauntlet | Found a runed translucent gate.
 13535 | Gauntlet | Found a runed translucent gate.
 13535 | Gauntlet | Found a transporter.
 13536 | Gauntlet | Found a transporter.
 13539 | Gauntlet | Found a transporter.
 13549 | Gauntlet | Noticed a catoblepas
 13554 | Gauntlet | Found a transporter.
 13558 | Gauntlet | Noticed a sixfirhy
 13559 | Gauntlet | Found a transporter.
 13561 | Gauntlet | Found a transporter.
 13575 | Gauntlet | Found a transporter.
 13603 | Gauntlet | Found a transporter.
 13625 | Gauntlet | Found a transporter.
 13698 | Gauntlet | Found a runed translucent door.
 13699 | Gauntlet | Found a large runed translucent door.
 13699 | Gauntlet | Found a large runed translucent door.
 13699 | Gauntlet | Found a large runed translucent door.
 13699 | Gauntlet | Found a large runed translucent door.
 13700 | Gauntlet | Found a large runed translucent door.
 13700 | Gauntlet | Found a large runed translucent door.
 13701 | Gauntlet | Found a large runed translucent door.
 13701 | Gauntlet | Found a large runed translucent door.
 13713 | Gauntlet | Found a runed translucent gate.
 13735 | Gauntlet | Found a transporter.
 13850 | Gauntlet | Reached XP level 12. HP: 89/94 MP: 0/0
 13972 | Gauntlet | Killed a sixfirhy
 14438 | Gauntlet | Noticed a minotaur
 14443 | Gauntlet | Killed a minotaur
 14642 | Lair:2   | Reached *** piety under Makhleb
 14670 | Lair:2   | Reached skill level 5 in Stealth
 14848 | Lair:2   | Reached skill level 12 in Fighting
 15016 | Lair:2   | Found a staircase to the Shoals.
 15094 | Lair:2   | Noticed an eight-headed hydra
 15099 | Lair:2   | Killed a nine-headed hydra
 15808 | Lair:3   | Noticed a catoblepas
 15827 | Lair:3   | Killed a catoblepas
 15865 | Lair:3   | Acquired the ring of Beduykie {Wiz rF+ Int+8 Stlth-}
 15922 | Lair:3   | Found a staircase to the Snake Pit.
 16077 | Lair:3   | Reached XP level 13. HP: 92/101 MP: 0/0
 16077 | Lair:3   | Learned a level 5 spell: Summon Forest
 16658 | Lair:3   | Reached **** piety under Makhleb
 16929 | Lair:3   | Noticed an eight-headed hydra
 16937 | Lair:3   | Killed an eight-headed hydra
 17310 | Lair:4   | Noticed a catoblepas
 17318 | Lair:4   | Paralysed by a floating eye for 4 turns
 17356 | Lair:4   | Killed a catoblepas
 18456 | Lair:4   | Noticed a seven-headed hydra
 18459 | Lair:4   | Killed a seven-headed hydra
 19029 | Lair:4   | Identified the +0 cloak "Bisofuf" {Contam +Blink Int-3
                  | Slay+6}
 19398 | Lair:5   | Entered Level 5 of the Lair of Beasts
 19417 | Lair:5   | Found a viscous altar of Jiyva.
 19417 | Lair:5   | Found a staircase to the Slime Pits.
 19426 | Lair:5   | Reached skill level 13 in Fighting
 19435 | Lair:5   | Reached XP level 14. HP: 48/110 MP: 0/0
 19844 | Lair:4   | Reached ***** piety under Makhleb
 20563 | Lair:5   | Reached skill level 10 in Dodging
 20588 | Lair:4   | Reached skill level 10 in Invocations
 20829 | Lair:5   | Noticed Kirke
 20847 | Lair:4   | Killed Kirke
 20887 | Lair:5   | Found a transporter.
 20897 | Lair:5   | Found a transporter.
 20897 | Lair:5   | Identified the +7 lajatang of Qialy {spect, Str+4}
 20897 | Lair:5   | Identified the +1 ring mail of Lucidity {rC+}
 20972 | Lair:5   | Reached skill level 14 in Fighting
 21390 | Lair:5   | Noticed gabagool's ghost (journeyman GnFi)
 21447 | Lair:5   | Noticed a dire elephant
 21448 | Lair:5   | Noticed a dire elephant
 21652 | Lair:5   | HP: 3/112 [dire elephant (29)]
 21660 | Lair:5   | Killed a dire elephant
 21783 | Lair:5   | Killed a dire elephant
 21784 | Lair:5   | Reached XP level 15. HP: 25/117 MP: 0/0
 21784 | Lair:5   | Learned a level 6 spell: Simulacrum
 23029 | Lair:5   | Killed from afar by gabagool's ghost

Illustrated notes

Levels and vault maps discovered:
D:1:      psy_arrival_dodecagon, layout_loops_ring
D:2:      minmay_evil_eye, layout_basic, minmay_quantized, uniq_natasha,
          uniq_terence
D:3:      layout_basic, zin_treasury, lemuel_round_altar, grunt_ministairs_12
D:4:      layout_cave_pools, mainiacjoe_overflow_boulevard,
          mainiacjoe_overflow_alcove_1, serial_shops,
          nicolae_inconvenience_store, hangedman_decor_clover_reticule,
          minivault_14, nicolae_shop_vocational, uniq_crazy_yiuf_cottage
D:5:      layout_gridville, nicolae_uskayaw_en_pointe,
          nicolae_dithmenos_through_a_glass_darkly, uniq_blork_the_orc
D:6:      layout_cave_pools, mainiacjoe_overflow_catch_the_wave,
          nicolae_overflow_squiral, gammafunk_ghost_nasty_kobolds,
          minmay_ogre_servants
D:7:      layout_loops_ring, mainiacjoe_overflow_alcove_4,
          minmay_temple_entry_offerings
D:8:      layout_cave_pods
D:9:      layout_roguey, chequers_serial_rivers_small_a
D:10:     layout_stronghold, lair_entry_dummy
D:11:     minmay_s_stair_smasher, layout_cave_pools, david_orc_1_choice,
          uniq_nergalle
Temple:   chequers_temple_sunken
Lair:1:   layout_cellular_growth, chequers_serial_rivers_micro_a
Lair:2:   layout_cave_pods, shoals_dummy_entry, gauntlet_entry_generic,
          st_stairs_5, grunt_megastairs_1
Lair:3:   layout_chaotic_city, guppyfry_snake_entry_garden, st_stairs_13,
          patterned_corridor, grunt_megastairs_3
Lair:4:   cheibrodos_lair_river_kwai, layout_regular_city, disabler_island,
          lemuel_fruit_tree, infiniplex_staircase_pool_2
Lair:5:   due_jungle_book, layout_misc_corridors, slime_entry_1,
          gammafunk_ghost_hive, uniq_kirke

Skill      XL: |  1  2  3  4  5  6  7  8  9 10 11 12 13 14 15 |
---------------+----------------------------------------------+-----
Fighting       | 1 2 3 4 5 7 9 11 12 13 14 | 14.0
Spellcasting   | 3 4 5 6 7 8 9 |  9.5
Invocations    | 3 5 6 8 10 11 | 11.1
Shields        | 1 5 6 7 |  7.0
Evocations     | 3 5 |  5.0
Dodging        | 4 7 8 9 11 | 11.4
Stealth        | 3 5 |  5.0

Action                   |  1- 3 |  4- 6 |  7- 9 | 10-12 | 13-15 || total
-------------------------+-------+-------+-------+-------+-------++-------
Melee: Dagger            |     6 |       |       |       |       ||     6
       Unarmed           |     1 |       |       |       |       ||     1
       Rapier            |     6 |       |       |       |       ||     6
       War axe           |     3 |    13 |    26 |    10 |    72 ||   124
Throw: Dart              |       |       |     1 |     2 |     5 ||     8
 Cast: Foxfire           |    45 |    50 |    23 |     4 |    28 ||   150
       Scorch            |       |     9 |    23 |    13 |    28 ||    73
       Sandblast         |       |     7 |    56 |   133 |   207 ||   403
       Kindle Blastspark |       |     1 |     2 |     4 |     4 ||    11
       Inner Flame       |       |       |     7 |    16 |     7 ||    30
       Flame Wave        |       |       |     5 |    17 |    34 ||    56
       Sticky Flame      |       |       |       |    11 |    16 ||    27
       Leda's Liquefacti |       |       |       |     4 |       ||     4
       Summon Forest     |       |       |       |       |     4 ||     4
Invok: Lesser Servant of |       |       |       |       |     1 ||     1
Evoke: Wand              |       |       |       |       |     5 ||     5
  Use: Scroll            |       |    11 |    10 |     9 |     8 ||    38
       Potion            |       |       |       |       |     9 ||     9
 Stab: Sleeping          |       |       |       |       |     1 ||     1
       Invisible         |       |       |       |       |     1 ||     1
Armor: Robe              |     2 |       |     6 |    29 |    81 ||   118
Dodge: Dodged            |    23 |    11 |    41 |    71 |   322 ||   468
Block: Buckler           |       |       |     1 |   106 |   321 ||   428
       Reflection        |       |       |       |     9 |     6 ||    15

Table legend: (Time is in decaauts)
 A = Elapsed time spent in this place.
 B = Non-inter-level travel time spent in this place.
 C = Inter-level travel time spent in this place.
 D = Time resting spent in this place.
 E = Time spent auto-exploring this place.
 F = Levels seen in this place.
 G = Mean time per level.
                   A        B        C        D        E       F      G
               +--------+--------+--------+--------+--------+-----+--------+
         Total |  23364 |  21901 |   1463 |   7845 |   9984 |  18 | 1298.0 |
       Dungeon |  11420 |  10278 |   1142 |   2599 |   6085 |  11 | 1038.2 |
        Temple |    523 |    502 |     21 |      0 |    497 |   1 |  523.0 |
          Lair |  10332 |  10032 |    300 |   4714 |   3334 |   5 | 2066.4 |
      Gauntlet |   1087 |   1087 |      0 |    531 |     68 |   1 | 1087.0 |
               +--------+--------+--------+--------+--------+-----+--------+

Top non-repeatable levels by time:
  Lair:5: 2881 daAuts
  Lair:4: 2637 daAuts
  Lair:3: 1933 daAuts
    D:10: 1910 daAuts
  Lair:1: 1704 daAuts
     D:2: 1513 daAuts
     D:5: 1257 daAuts
  Lair:2: 1175 daAuts
Gauntlet: 1087 daAuts
     D:6: 1087 daAuts
     D:4: 1005 daAuts
     D:7: 978 daAuts
     D:3: 975 daAuts
     D:9: 942 daAuts
     D:8: 893 daAuts
